[Event "81st Georgian-ch Men 2022"]
[Site "Tbilisi"]
[Date "2022.01.30"]
[Round "6.3"]
[White "Lortkipanidze, Nodar"]
[Black "Tutisani, Noe"]
[Result "1/2-1/2"]
[ECO "A36"]
[WhiteElo "2407"]
[BlackElo "2419"]
[Annotator "RC"]
[PlyCount "112"]
[EventDate "2022.01.24"]
[EventType "tourn"]
[EventCountry "GEO"]
[SourceTitle "playchess.com"]
[Source "ChessBase"]
[SourceQuality "1"]
[TimeControl "5400+30"]

1. c4 g6 2. Nc3 Bg7 3. g3 c5 4. Bg2 Nc6 5. d3 d6 6. e4 Nf6 7. Nge2 O-O 8. O-O Rb8 9. Rb1 a6 10. a3 b5 11. cxb5 axb5 12. b4 cxb4 13. axb4 e5 14. h3 Ne8 15. Be3 Nd4 16. Bxd4 exd4 17. Nd5 Nc7 18. Nc1 Nxd5 19. exd5 Qc7 20. Nb3 f5 21. Rc1 Qf7 22. Qf3 h5 23. Rfe1 g5 24. Rc6 Be5 25. Rxe5 dxe5 26. Nc5 g4 27. hxg4 hxg4 28. Qe2 Ra8 29. Qxe5 Ra1+ 30. Bf1 Qg7 31. Qf4 Re8 32. Rc7 Qg6 33. Qxd4 Rxf1+ 34. Kxf1 Qh6 35. Qe3 Qh1+ 36. Ke2 Rxe3+ 37. fxe3 Qg2+ 38. Kd1 Qxg3 39. Rxc8+ Kf7 40. e4 fxe4 41. dxe4 Qf3+ 42. Kc2 Qe2+ 43. Kc3 Qc4+ 44. Kd2 g3 45. Rc7+ Kg6 46. Rc6+ Kh5 47. Nd3 Qxe4 48. Re6 Qd4 49. Re2 Kg4 50. d6 Qxd6 51. Re4+ Kh3 52. Ke2 Qf6 53. Rf4 Qe6+ 54. Kf1 Qe3 55. Nf2+ gxf2 56. Rf3+ Qxf3 1/2-1/2